Map: Bridgehead LE (Void)

Players

Lipowitz - Winner!

  • Race: Zerg Zerg
  • League: Bronze

SticklerMac

  • Race: Terran Terran
  • League: Bronze

VOD

Have the link to the VOD?

Description

Time

  • Played on: July 28, 2015, 4:21 p.m.
  • Length: 13:35
Show
View Real Time Build Order
Export as new Build Order

Lipowitz Zerg - Winner!

Build Orders: Hatch First 

Get SALT Encoding   

  12  0:03  Drone  
  13  0:19  Overlord  
  13  0:20  Drone  
  14  0:38  Drone x2  
  16  0:45  Drone  
  17  0:59  Hatchery  
  16  1:06  Drone  
  17  1:14  Spawning Pool  
  17  1:15  Drone  
  17  1:18  Extractor  
  16  1:19  Drone  
  17  1:33  Drone  
  18  1:45  Drone  
  18  1:46  Drone  
  20  1:56  Overlord  
  20  2:07  Zergling x2  
  21  2:10  Queen  
  21  2:13  Queen  
  25  2:17  Zergling x2  
  25  2:21  Metabolic Boost  
  26  2:32  Drone x3  
  29  2:50  Hatchery  
  28  2:57  Lair  
  28  3:04  Zergling x2  
  28  3:05  Zergling x6  
  32  3:06  Drone x2  
  34  3:28  Baneling Nest  
  33  3:35  Overlord  
  33  3:37  Overlord  
  33  3:38  Drone x3  
  36  3:51  Extractor  
  35  4:03  Zergling x2  
  35  4:04  Zergling x16  
  38  4:28  Drone x8  
  38  4:29  Drone  
  38  4:30  Roach Warren  
  46  4:35  Drone x2  
  48  4:38  Queen  
  50  4:48  Extractor  
  48  4:58  Overseer  
  48  5:00  Drone x4  
  48  5:03  Zergling x2  
  48  5:04  Overlord  
  48  5:05  Overlord  
  53  5:13  Baneling  
  53  5:14  Baneling x3  
  53  5:16  Centrifical Hooks  
  53  5:37  Evolution Chamber  
  53  5:38  Zergling x2  
  53  5:39  Zergling x18  
  53  5:40  Evolution Chamber  
  53  5:42  Drone x3  
  64  5:55  Queen  
  66  6:00  Zergling x2  
  66  6:01  Zergling x12  
  73  6:08  Baneling  
  73  6:09  Baneling x2  
  73  6:25  Overseer  
  65  6:36  Spore Crawler  
  63  6:46  Zergling x2  
  60  6:47  Zergling x10  
  60  6:48  Overseer x2  
  60  6:49  Overseer  
  50  7:19  Zergling x10  
  54  7:23  Overlord x2  
  48  7:34  Zergling x2  
  48  7:35  Zergling x16  
  56  7:44  Drone x2  
  55  7:48  Spire  
  53  7:55  Baneling  
  53  7:56  Baneling x2  
  53  7:59  Zergling x2  
  53  8:00  Zergling x4  
  53  8:04  Zerg Melee Weapons Level 1  
  53  8:05  Drone x3, Zerg Ground Armor Level 1  
  57  8:09  Extractor  
  58  8:13  Queen  
  60  8:22  Zergling x2  
  60  8:23  Zergling x6  
  64  8:38  Drone  
  64  8:39  Drone x4  
  69  8:42  Baneling x2  
  69  8:43  Baneling  
  69  8:44  Baneling x2  
  69  8:45  Baneling x5  
  69  9:05  Drone  
  69  9:06  Drone x10  
  69  9:08  Extractor  
  69  9:09  Extractor  
  60  9:53  Overlord  
  60  9:54  Overlord x5  
  60  10:00  Hatchery  
  56  10:17  Roach x9  
  74  10:31  Infestation Pit  
  74  10:34  Drone  
  74  10:35  Drone x5  
  79  10:42  Overseer  
  79  10:43  Overseer  
  79  10:46  Overlord x2  
  79  10:47  Hatchery  
  78  10:52  Queen  
  80  11:06  Hydralisk Den, Glial Reconstitution  
  80  11:09  Zergling x18  
  80  11:10  Zergling x4  
  90  11:16  Queen  
  92  11:32  Zerg Missile Weapons Level 1  
  92  11:36  Baneling  
  92  11:37  Baneling x7  
  92  11:49  Hydralisk  
  92  11:50  Hydralisk x7  
  108  12:05  Lurker Den  
  108  12:06  Queen  
  110  12:23  Drone x2  
  110  12:26  Extractor  
  110  12:27  Extractor  
  110  12:28  Overlord x4  
  110  12:34  Ravager x2  
  112  12:38  Ravager  
  113  12:47  Hydralisk x7  
  127  13:05  Drone  
  127  13:06  Drone x6  
Show
View Real Time Build Order
Export as new Build Order

SticklerMac Terran 

Build Orders:  

Get SALT Encoding   

  12  0:03  SCV  
  13  0:15  Supply Depot  
  13  0:18  SCV  
  14  0:30  SCV  
  15  0:37  Barracks  
  15  0:42  SCV  
  16  0:47  Refinery  
  16  0:54  SCV  
  17  1:05  Barracks  
  17  1:07  SCV  
  18  1:17  Supply Depot  
  18  1:22  SCV  
  18  1:25  Marine  
  20  1:49  Factory  
  20  1:51  Marine  
  21  2:08  Barracks Reactor  
  21  2:11  SCV  
  22  2:15  Refinery  
  22  2:19  Marine  
  22  2:20  Barracks  
  23  2:23  SCV  
  23  2:38  SCV  
  23  2:40  Marine  
  25  2:49  Factory  
  25  3:00  Widow Mine x2  
  29  3:08  SCV  
  29  3:11  Marine  
  31  3:18  Barracks Reactor  
  31  3:33  Supply Depot  
  31  3:51  Supply Depot  
  31  3:54  Marine  
  31  3:55  Hellion x2  
  36  4:03  Widow Mine  
  36  4:09  Supply Depot x2  
  38  4:12  Widow Mine, Marine  
  38  4:16  Widow Mine  
  43  4:39  Widow Mine x2  
  43  4:40  Widow Mine  
  43  4:44  Widow Mine  
  47  5:07  Widow Mine x2  
  47  5:09  Widow Mine  
  47  5:13  Widow Mine  
  55  5:33  Orbital Command  
  55  5:36  Widow Mine x2  
  55  5:37  Widow Mine  
  55  5:42  Widow Mine  
  63  6:51  Widow Mine  
  63  6:53  Widow Mine  
  63  7:12  Widow Mine  
  63  7:15  Widow Mine  
  62  7:19  Widow Mine  
  62  7:21  Widow Mine  
  25  7:41  Widow Mine  
  25  7:43  Widow Mine  
  19  7:48  Widow Mine  
  19  7:50  Widow Mine  
  23  7:58  SCV  
  24  8:10  SCV, Widow Mine  
  24  8:12  Widow Mine  
  27  8:16  Widow Mine  
  27  8:18  Widow Mine  
  33  8:22  SCV  
  34  8:27  Marine  
  34  8:28  Marine x2  
  38  8:34  SCV  
  38  8:38  Widow Mine  
  38  8:41  Widow Mine  
  40  8:45  Marine x2, Widow Mine  
  40  8:46  SCV, Marine  
  40  8:47  Widow Mine  
  50  9:07  Widow Mine  
  28  9:57  SCV  
  29  10:04  Marine x2  
  29  10:05  Marine  
  32  10:09  SCV  
  31  10:16  Widow Mine  
  33  10:22  Marine x2  
  33  10:23  Marine  
  36  10:40  Marine x3  
  39  10:58  Marine x2  
  41  11:52  Command Center  
  41  12:00  SCV  
Tags
 
Add a new tag
Caveats
  • Supply blocks, unpowered buildings, or Contaminate may cause inaccurate times.
  • Supply counts are checked every 10 seconds.